Map: 이어 제로 - 래더

Players

Ragnarok (SHIN)

  • Race: Zerg Zerg
  • Spawn Location: 1:00

Rogue - Winner!

  • Race: Zerg Zerg
  • Spawn Location: 11:00

Event: IEM Season 13: Katowice (2019)

VOD

Have the link to the VOD?

Description

Time

  • Played on: March 1, 2019, 5:53 a.m.
  • Length: 6:56

All games in this series

Show
View Real Time Build Order
Export as new Build Order

Ragnarok Zerg 

Build Orders: Hatch First 

Get SALT Encoding   

  12  0:00  Drone  
  13  0:13  Overlord  
  13  0:17  Drone  
  14  0:31  Drone  
  14  0:32  Drone  
  16  0:49  Hatchery  
  15  0:52  Drone  
  15  0:56  Drone  
  17  0:59  Drone  
  18  1:10  Extractor  
  17  1:15  Spawning Pool  
  17  1:18  Drone  
  17  1:21  Drone  
  18  1:29  Drone  
  19  1:40  Drone  
  20  1:50  Drone  
  21  2:01  Queen  
  21  2:02  Queen, Zergling x2  
  21  2:03  Zergling x2  
  27  2:10  Metabolic Boost  
  27  2:12  Drone  
  27  2:14  Overlord  
  28  2:33  Drone x3  
  31  2:42  Hatchery  
  30  2:46  Drone x2  
  32  2:53  Baneling Nest  
  32  2:56  Drone  
  32  2:57  Drone  
  33  3:01  Overlord  
  33  3:14  Zergling x6  
  36  3:21  Queen  
  36  3:24  Overlord, Drone x2  
  40  3:29  Drone x2  
  42  3:36  Lair  
  42  3:38  Baneling x2  
  42  3:43  Zergling x4  
  42  3:44  Zergling x2  
  45  3:49  Zergling x4  
  45  3:50  Drone  
  48  3:56  Extractor  
  48  3:57  Extractor, Drone x2  
  48  4:01  Evolution Chamber, Baneling  
  48  4:02  Baneling  
  46  4:04  Drone  
  47  4:10  Roach Warren  
  47  4:15  Drone x2  
  48  4:17  Drone  
  48  4:18  Drone  
  50  4:25  Drone x2  
  50  4:26  Drone  
  50  4:28  Extractor  
  52  4:38  Spire  
  50  4:39  Drone  
  50  4:40  Drone  
  50  4:42  Drone  
  53  4:47  Overlord  
  53  4:52  Drone x2  
  55  5:00  Drone x3  
  55  5:01  Overlord  
  58  5:07  Drone  
  58  5:08  Drone x2  
  58  5:12  Drone  
  62  5:15  Extractor  
  62  5:16  Extractor, Overlord  
  62  5:19  Overlord  
  58  5:30  Zergling x12  
  58  5:31  Zergling x2  
  65  5:40  Drone x2  
  63  5:51  Mutalisk x5  
  63  5:54  Mutalisk  
  73  6:02  Mutalisk x2  
  77  6:07  Mutalisk  
  77  6:10  Mutalisk  
  81  6:12  Mutalisk  
  83  6:19  Mutalisk, Zergling x2  
  86  6:26  Mutalisk, Zergling x2  
  86  6:27  Overlord  
  86  6:30  Zergling x2  
  86  6:32  Overlord  
  89  6:39  Zergling x2  
Show
View Real Time Build Order
Export as new Build Order

Rogue Zerg - Winner!

Build Orders: Hatch First 

Get SALT Encoding   

  12  0:00  Drone  
  13  0:13  Overlord  
  13  0:17  Drone  
  14  0:31  Drone x2  
  16  0:50  Hatchery  
  16  0:52  Drone  
  16  0:56  Drone  
  17  0:59  Drone  
  18  1:11  Extractor  
  17  1:15  Spawning Pool  
  17  1:18  Drone  
  17  1:21  Drone  
  18  1:28  Drone  
  19  1:39  Overlord  
  19  1:50  Drone  
  20  2:01  Queen x2  
  20  2:03  Zergling x4  
  26  2:10  Metabolic Boost  
  26  2:14  Drone x2  
  28  2:24  Drone x2  
  30  2:36  Drone  
  31  2:39  Hatchery  
  31  2:44  Drone  
  31  2:47  Drone x2  
  33  2:54  Overlord  
  33  2:59  Baneling Nest  
  33  3:04  Drone  
  33  3:09  Zergling x4  
  33  3:11  Zergling x2  
  36  3:13  Queen  
  36  3:18  Drone x2  
  40  3:20  Drone  
  40  3:24  Overlord  
  41  3:29  Drone x2  
  43  3:36  Drone  
  43  3:41  Evolution Chamber  
  43  3:42  Baneling  
  43  3:48  Drone  
  43  3:49  Drone x6  
  43  3:52  Zergling x2  
  51  3:59  Overlord, Drone x2  
  52  4:04  Zergling x4  
  54  4:11  Drone x2  
  54  4:16  Zerg Missile Weapons Level 1  
  56  4:20  Lair  
  56  4:21  Drone x3  
  56  4:22  Drone  
  60  4:28  Extractor x2, Drone  
  60  4:29  Drone  
  60  4:30  Drone  
  61  4:37  Overlord  
  61  4:38  Roach Warren  
  60  4:42  Drone x4  
  60  4:44  Drone  
  65  4:45  Overlord  
  65  4:49  Overlord  
  65  4:54  Overlord  
  65  4:59  Overlord  
  64  5:00  Queen  
  64  5:01  Extractor  
  64  5:02  Queen  
  64  5:04  Zergling x2, Baneling  
  64  5:05  Baneling  
  68  5:07  Zergling x2  
  69  5:21  Roach  
  69  5:22  Roach x6  
  69  5:27  Overlord  
  83  5:33  Queen  
  83  5:35  Nydus Network  
  84  5:39  Roach x2  
  84  5:41  Roach  
  87  5:45  Queen  
  87  5:49  Roach  
  89  5:51  Roach x2  
  92  5:59  Queen  
  92  6:01  Zergling x10  
  99  6:08  Roach x2  
  99  6:09  Queen  
  105  6:12  Nydus Canal  
  105  6:17  Roach x2  
  105  6:18  Roach x2  
  113  6:24  Overlord x2  
  111  6:28  Roach  
  110  6:40  Nydus Canal  
  122  6:52  Spore Crawler  

Tags
 
Add a new tag
Caveats
  • Supply blocks, unpowered buildings, or Contaminate may cause inaccurate times.
  • Supply counts are checked every 10 seconds.